 Dungeon Crawl Stone Soup version 0.20.1-1-g8b1a95d (webtiles) character file.

266 JackS81 the Changer (level 6, 0/43 HPs)
             Began as a Demonspawn Transmuter on Aug 14, 2017.
             Succumbed to a worker ant's poison
             ... on level 4 of the Dungeon.
             The game lasted 00:21:03 (2498 turns).

JackS81 the Changer (Demonspawn Transmuter)         Turns: 2498, Time: 00:21:04

Health: 0/43       AC:  2    Str: 11    XL:     6   Next: 0%
Magic:  1/9        EV: 12    Int: 16    God:
Gold:   74         SH:  0    Dex: 13    Spells: 3/9 levels left

rFire    + . .     SeeInvis .     - Unarmed
rCold    . . .     Gourm    .   (no shield)
rNeg     . . .     Faith    .   b - +0 robe
rPois    .         Spirit   .   (no helmet)
rElec    .         Reflect  .   (no cloak)
rCorr    .         Harm     .   (no gloves)
MR       .....                  (no boots)
Stlth    +.........             (no amulet)
Regen    0.2/turn               (no ring)
MPRegen  0.2/turn               (no ring)

@: lethally poisoned (0 -> -1)
A: talons 1, demonic guardian 1, fire resistance 1
a: no special abilities


You were on level 4 of the Dungeon.
You were not hungry.

You visited 1 branch of the dungeon, and saw 4 of its levels.

You collected 74 gold pieces.

Inventory:

Missiles
 a - 102 arrows
 m - 4 tomahawks of returning (quivered)
 t - 17 poisoned needles
 u - 29 bolts
Armour
 b - a +0 robe (worn)
Scrolls
 g - 2 scrolls of blinking {unknown}
 k - a scroll of immolation {unknown}
 o - 4 scrolls of identify {unknown}
 p - a scroll of amnesia {unknown}
 q - 2 scrolls of teleportation {unknown}
 v - 2 scrolls of enchant armour {unknown}
 x - a scroll of recharging {unknown}
Potions
 e - a potion of haste {unknown}
 h - a potion of agility {unknown}
 j - 2 potions of cancellation {unknown}
 l - 2 potions of mutation
 n - 2 potions of flight {unknown}
 s - 3 potions of curing {unknown}
 w - 2 potions of invisibility {unknown}
Books
 c - a book of Changes

   Spells                             Type                      Level
   a - Beastly Appendage              Transmutation                1
   b - Sticks to Snakes               Transmutation                2
   c - Spider Form                    Transmutation/Poison         3
   d - Ice Form                       Ice/Transmutation            4
   e - Blade Hands                    Transmutation                5
Comestibles
 d - 4 bread rations
 f - 2 meat rations
 i - 11 chunks of flesh
 r - a royal jelly


   Skills:
 + Level 1.1 Fighting
 - Level 0.5 Throwing
 - Level 1.8 Dodging
 * Level 3.0 Unarmed Combat
 - Level 2.0 Spellcasting
 * Level 5.4 Transmutations


You had 3 spell levels left.
You knew the following spells:

 Your Spells              Type           Power        Failure   Level  Hunger
a - Beastly Appendage     Tmut           ###...       2%          1    #......
b - Sticks to Snakes      Tmut           ###.....     3%          2    ###....
c - Spider Form           Tmut/Pois      ##........   21%         3    ###....


Dungeon Overview and Level Annotations

Branches:
Dungeon (4/15)
 Temple: D:4-7

Altars:


Innate Abilities, Weirdness & Mutations

You have sharp toenails.
A weak demonic guardian rushes to your aid.
Your flesh is heat resistant. (rF+)


Message History

You feel sick.
You hit the gnoll.
The gnoll is almost dead.
You kill the gnoll!
You have reached level 6!
Your experience leads to an increase in your attributes!
Your base attributes are Str 11, Int 15, Dex 13.
Increase (S)trength, (I)ntelligence, or (D)exterity?
You feel clever.
Your transformation has ended.
Your +0 robe unmelds from your body.
* * * LOW HITPOINT WARNING * * *
You feel sick.
It was a potion of mutation.
You feel extremely strange.
Your vision blurs.
Your vision sharpens.
Casting: Spider Form
Confirm with . or Enter, or press ? or * to list all spells.
You create a snake!
You now have 102 arrows.
The gnoll shaman barely misses you.
You die...

[...........######^...gg#
.......#......# ###.##g#
......).......## #...#.#
.......#.......####)..#.# #
########.......<...)..#.#.###
#...........#........#
#........##..g.......#
#####...S##.g........#
#..5.@.g...........
#.....###........#.#
#......$.........# #
#.).#..##.#......#
#.......(........#
#...##.##.#......# #..
.##.####### #.. .# .#


You could see a gnoll shaman, 2 gnolls, a friendly white imp and a friendly ball
python.

Vanquished Creatures
  A worker ant (D:4)
  2 gnolls (D:4)
  2 adders
  A worm (D:2)
  A dart slug (D:2)
  2 leopard geckos
  3 orcs (D:4)
  2 ball pythons
  7 giant cockroaches
  6 goblins
  4 hobgoblins
  3 jackals (D:1)
  3 quokkas (D:3)
  6 bats
  4 frilled lizards
  6 kobolds
  3 rats
56 creatures vanquished.

Vanquished Creatures (collateral kills)
  The ghost of giantanteater the Magician, an amateur MfWn (D:3)
  A howler monkey (D:3)
  An orc wizard (D:4)
  A hound (D:4)
  A worker ant (D:4)
  2 adders
  An ooze (D:3)
  A worm (D:4)
  An orc (D:4)
  A ball python (D:2)
11 creatures vanquished.

Grand Total: 67 creatures vanquished

Notes
Turn   | Place    | Note
-------+----------+-------------------------------------------
     0 | D:1      | JackS81 the Demonspawn Transmuter began the quest for the Orb.
     0 | D:1      | Reached XP level 1. HP: 15/15 MP: 3/3
   156 | D:1      | Reached skill level 2 in Transmutations
   255 | D:1      | Gained mutation: A weak demonic guardian rushes to your aid. [demonic ancestry]
   255 | D:1      | Reached XP level 2. HP: 13/21 MP: 3/5
   261 | D:1      | Learned a level 2 spell: Sticks to Snakes
  1025 | D:2      | Gained mutation: Your flesh is heat resistant. (rF+) [demonic ancestry]
  1025 | D:2      | Reached XP level 3. HP: 26/26 MP: 2/6
  1051 | D:2      | Reached skill level 3 in Transmutations
  1702 | D:3      | Noticed giantanteater's ghost (amateur MfWn)
  1715 | D:3      | Killed giantanteater's ghost
  1715 | D:3      | Reached skill level 4 in Transmutations
  1715 | D:3      | Reached XP level 4. HP: 27/32 MP: 2/7
  2166 | D:3      | Gained mutation: You have sharp toenails. [demonic ancestry]
  2166 | D:3      | Reached XP level 5. HP: 37/37 MP: 4/8
  2363 | D:4      | Learned a level 3 spell: Spider Form
  2422 | D:4      | Reached skill level 5 in Transmutations
  2491 | D:4      | HP: 1/37 [poisoned by a worker ant]
  2492 | D:4      | Reached XP level 6. HP: 2/43 MP: 2/9
  2496 | D:4      | Gained mutation: Scrolls take you a little longer to read. [potion of mutation]
  2496 | D:4      | Lost mutation: Scrolls take you a little longer to read. [potion of mutation]
  2498 | D:4      | Succumbed to a worker ant's poison

Skill      XL: |  1  2  3  4  5 |
---------------+----------------+-----
Transmutations | 2 4 5 |  5.4
Unarmed Combat | 3 |  3.0
Fighting       | |  1.1
Throwing       | |  0.5
Dodging        | |  1.8
Spellcasting   | |  2.0

Action                   |  1- 3 |  4- 6 || total
-------------------------+-------+-------++-------
Melee: Unarmed           |   126 |    67 ||   193
       Kick              |    14 |     9 ||    23
       Headbutt          |     7 |     4 ||    11
       Punch             |     1 |     1 ||     2
Throw: Tomahawk          |     6 |       ||     6
 Cast: Beastly Appendage |    19 |    12 ||    31
       Sticks to Snakes  |     6 |     9 ||    15
       Spider Form       |       |     2 ||     2
  Use: Potion            |       |     1 ||     1
 Stab: Sleeping          |     1 |       ||     1
  Eat: Chunk             |     3 |     4 ||     7
Armor: Robe              |    20 |     3 ||    23
Dodge: Dodged            |    90 |    44 ||   134
